 Dungeon Crawl Stone Soup version 0.22-a0-482-g76e0a5f (webtiles) character file.

299999 Gildeon the Executioner (level 20, 0/178 HPs)
             Began as a Minotaur Fighter on June 16, 2018.
             Was the Champion of Okawaru.
             Killed from afar by a starcursed mass (3 damage)
             ... with an accursed screaming
             ... on level 3 of the Abyss on June 17, 2018.
             The game lasted 03:56:03 (37868 turns).

Gildeon the Executioner (Minotaur Fighter)         Turns: 37868, Time: 03:56:05

Health: 0/178      AC: 34    Str: 30    XL:     20   Next: 16%
Magic:  0/28       EV: 15    Int: 11    God:    Okawaru [******]
Gold:   3323       SH: 17    Dex: 18    Spells: 30/31 levels left

rFire    + + +     SeeInvis .   a - +4 broad axe (chop)
rCold    + + .     Gourm    .   P - +1 shield {rF+}
rNeg     + . .     Faith    .   r - +0 crystal plate armour of Okawaru's Castigation {Str+4 Int+4}
rPois    +         Spirit   +   L - +2 hat of the Bear Spirit {Spirit, +Rage rN+ MR++}
rElec    .         Reflect  .   q - +0 cloak
rCorr    .         Harm     +   c - +0 pair of gloves of the Moon Troll {rPois rF+ rC+ MR+}
MR       +++..                  A - +0 pair of boots of the Lost Path {MR- Str+2 Dex+3}
Stlth    ..........             m - amulet of harm
HPRegen  0.39/turn              E - ring of protection from fire
MPRegen  0.21/turn              z - ring of the Bruised Moons {*Drain rPois rC+ AC+4 Dex+3}

@: studying Spellcasting
A: retaliatory headbutt, horns 2, clumsy 1
}: 2/15 runes: barnacled, gossamer
a: Heroism, Finesse, Renounce Religion, Evoke Berserk Rage


You were on level 3 of the Abyss.
You worshipped Okawaru.
Okawaru was exalted by your worship.
You were not hungry.

You visited 7 branches of the dungeon, and saw 35 of its levels.
You visited the Abyss 1 time.
You also visited: Sewer, Ossuary, Bailey, Ice Cave and Desolation.

You collected 3954 gold pieces.
You spent 631 gold pieces at shops.

Inventory:

Hand Weapons
 a - a +4 broad axe of chopping (weapon)
 b - a +1 war axe of flaming
Armour
 c - the +0 pair of gloves of the Moon Troll (worn) {rPois rF+ rC+ MR+}
   (You found it on level 2 of the Shoals)

   It protects you from fire.
   It protects you from cold.
   It protects you from poison.
   It affects your resistance to hostile enchantments.
 d - a +0 cloak of cold resistance
 n - the +1 pair of gloves "Duisibb" {rElec rF+ rN+ MR+ Str-5}
   (Okawaru gifted it to you on level 1 of the Shoals)

   It affects your strength (-5).
   It protects you from fire.
   It insulates you from electricity.
   It protects you from negative energy.
   It affects your resistance to hostile enchantments.
 q - a +0 cloak (worn)
 r - the +0 crystal plate armour of Okawaru's Castigation (worn) {Str+4 Int+4}
   (Okawaru gifted it to you on level 2 of the Elven Halls)

   It affects your strength (+4).
   It affects your intelligence (+4).
 A - the +0 pair of boots of the Lost Path (worn) {MR- Str+2 Dex+3}
   (Okawaru gifted it to you on level 2 of the Lair of Beasts)

   It affects your strength (+2).
   It affects your dexterity (+3).
   It affects your resistance to hostile enchantments.
 L - the +2 hat of the Bear Spirit (worn) {Spirit, +Rage rN+ MR++}
   (Okawaru gifted it to you on level 6 of the Lair of Beasts)

   It protects you from negative energy.
   It affects your resistance to hostile enchantments.
   It lets you go berserk.
 O - a +2 pair of gloves
 P - a +1 shield of fire resistance (worn)
 Q - the +7 large shield of Irchuel {rPois}
   (You took it off Louise on level 3 of the Shoals)

   It protects you from poison.
 Z - the +1 pair of gloves "Soqama" {+Blink Regen+}
   (You found it in the Desolation of Salt)

   It lets you blink.
   It increases your rate of regeneration.
Jewellery
 g - an uncursed ring of flight
 j - an uncursed ring of protection from magic
 m - an amulet of harm (around neck)
 t - an uncursed amulet of regeneration
 u - an uncursed ring of see invisible
 z - the ring of the Bruised Moons (right hand) {*Drain rPois rC+ AC+4 Dex+3}
   (You found it on level 10 of the Dungeon)

   [ring of protection]

   It affects your AC (+4).
   It affects your dexterity (+3).
   It protects you from cold.
   It protects you from poison.
   It causes draining when unequipped.
 B - a +5 ring of evasion
 E - a ring of protection from fire (left hand)
 H - a +5 ring of protection
 V - the ring of Enalourr {rC+ Str+3 Int+5 Dex+2 Stlth-}
   (You found it in the Desolation of Salt)

   [ring of protection from cold]

   It affects your strength (+3).
   It affects your intelligence (+5).
   It affects your dexterity (+2).
   It protects you from cold.
   It makes you less stealthy.
 X - the amulet of Ginnaogytt {RegenMP *Slow rElec rC+ Slay+2}
   (You found it in the Desolation of Salt)

   [amulet of magic regeneration]

   It increases your magic regeneration.
   It affects your accuracy and damage with ranged weapons and melee attacks
   (+2).
   It protects you from cold.
   It insulates you from electricity.
   It may slow you when you take damage.
Wands
 h - a wand of flame (39)
 s - a wand of iceblast (19)
 v - a wand of acid (20)
 x - a wand of paralysis (27)
 F - a wand of disintegration (62)
 I - a wand of digging (43)
 Y - a wand of clouds (7)
Scrolls
 e - 7 scrolls of fog
 k - 18 scrolls of remove curse
 l - a scroll of identify
 o - 5 scrolls of teleportation
 y - 8 scrolls of blinking
 J - 2 scrolls of holy word
 K - 2 scrolls of silence
 S - 4 scrolls of fear
 U - a scroll of summoning
Potions
 i - 6 potions of heal wounds
 p - 14 potions of curing
 w - a potion of agility
 C - 2 potions of haste
 D - 2 potions of magic
 G - 3 potions of cancellation
 M - 6 potions of might
 R - 2 potions of invisibility
 W - 4 potions of ambrosia
Books
 T - a manual of Spellcasting
Comestibles
 f - 42 rations


   Skills:
 - Level 15.0 Fighting
 * Level 21.7 Axes
 - Level 15.0 Armour
 + Level 14.5 Dodging
 + Level 17.4 Shields
 + Level 6.0 Spellcasting
 + Level 5.0 Hexes
 - Level 10.0 Invocations
 - Level 10.0 Evocations


You had 30 spell levels left.
You knew the following spells:

 Your Spells              Type           Power        Failure   Level  Hunger
a - Confusing Touch       Hex            ##....       36%         1    None

Your spell library contained the following spells:

 Spells                   Type           Power        Failure   Level  Hunger
 Cause Fear               Hex            ##........   98%         4    ####...
 Fireball                 Conj/Fire      #.........   100%        5    ######.
 Apportation              Tloc           #.....       97%         1    None
 Lightning Bolt           Conj/Air       #.........   100%        5    ######.
 Bolt of Magma            Conj/Fire/Erth #.........   100%        5    ######.
 Controlled Blink         Tloc           N/A          100%        8    #######
 Teleport Other           Tloc           #.......     100%        3    ###....
 Summon Small Mammal      Summ           #...         97%         1    None
 Blink                    Tloc           N/A          99%         2    ##.....
 Animate Skeleton         Necr           N/A          97%         1    None
 Summon Ice Beast         Ice/Summ       #.......     100%        4    ####...
 Call Imp                 Summ           #.......     99%         2    ##.....
 Iron Shot                Conj/Erth      #.........   100%        6    #######
 Spider Form              Tmut/Pois      #.........   100%        3    ###....
 Statue Form              Tmut/Erth      #........    100%        6    #######
 Passwall                 Tmut/Erth      #.......     99%         2    ##.....
 Call Canine Familiar     Summ           #.......     100%        3    ###....
 Shatter                  Erth           #.........   100%        9    #######
 Dispersal                Tloc           #.........   100%        6    #######
 Static Discharge         Conj/Air       #.......     100%        3    ###....
 Portal Projectile        Hex/Tloc       #.....       97%         3    ###....
 Passage of Golubria      Tloc           N/A          100%        4    ####...
 Tornado                  Air            #.........   100%        9    #######
 Leda's Liquefaction      Hex/Erth       #.........   100%        4    ####...
 Shroud of Golubria       Chrm/Tloc      #.........   99%         2    ##.....
 Disjunction              Tloc           #.........   100%        8    #######
 Dazzling Spray           Conj/Hex       #.....       97%         3    ###....
 Force Lance              Conj/Tloc      #.......     100%        4    ####...
 Summon Lightning Spire   Summ/Air       #.......     100%        4    ####...
 Summon Guardian Golem    Hex/Summ       #.......     97%         3    ###....
 Irradiate                Conj/Tmut      #.........   100%        5    ######.
 Gell's Gravitas          Tloc           #.........   100%        3    ###....
 Yara's Violent Unravell  Hex/Tmut       #.........   100%        5    ######.
 Lesser Beckoning         Tloc           #.........   100%        3    ###....
 Ignition                 Fire           #.........   100%        8    #######


Dungeon Overview and Level Annotations

Branches:
Dungeon (15/15)            Temple (1/1) D:6            Lair (6/6) D:8
 Shoals (4/4) Lair:3       Spider (4/4) Lair:4        Slime (0/5) Lair:5
    Orc (2/2) D:12            Elf (3/3) Orc:2        Vaults (0/5) D:13
 Depths (0/5) D:15

Altars:
Ashenzari
Cheibriados
Dithmenos
Elyvilon
Fedhas
Gozag
Hepliaklqana
Kikubaaqudgha
Makhleb
Nemelex Xobeh
Okawaru
Qazlal
Ru
Sif Muna
Trog
Uskayaw
Vehumet
Wu Jian
Xom
Yredelemnul
Zin
The Shining One
Jiyva

Shops:
Orc:2 (%*}(   Elf:2 =   Elf:3 *

Portals:
Hell: Lair:6
Pandemonium: Orc:2


Innate Abilities, Weirdness & Mutations

You reflexively headbutt those who attack you in melee.
You have a pair of horns on your head.
You are clumsy. (Dex -2)


Message History

The starcursed mass shudders and is absorbed by its neighbour.
A deafening chorus of shrieks assaults your mind!
* * * LOW HITPOINT WARNING * * *
You suddenly lose the ability to move!
The starcursed mass engulfs you but does no damage.
You can move again.
You slice the starcursed mass!!
You destroy the starcursed mass!
Okawaru accepts your kill.
You slash the starcursed mass!
The starcursed mass shudders and withdraws towards its neighbour. x2
A chorus of shrieks assaults your mind.
* * * LOW HITPOINT WARNING * * *
You slice the starcursed mass!!
You destroy the starcursed mass!
Okawaru accepts your kill.
You hit the starcursed mass.
The starcursed mass shudders and is absorbed by its neighbour.
A chorus of shrieks assaults your mind.
You die...

# #. ##..
######### #
......#.......#.#
#...'...X...'#
#...#.......#. #
## #.. ###@##..#
. . ≈.. #.# .###
##3 ... ##. ..X.
..# # ...... .
....... .# .
..........
#####.##..# #.#
..# #


You could see 2 starcursed masses.

Vanquished Creatures
  An ancient lich (Abyss:3)
  Jorgrun (Spider:2)
  Rupert (Orc:1)
  An Ice Fiend (IceCv)
  A deep elf blademaster (Elf:2)
  A tentacled starspawn (Abyss:3)
  Polyphemus (Shoals:2)
  Ilsuiw (Shoals:4)
  The ghost of ThereIsNoGod the Draconian Aeon, an adept DrTm of Cheibriados (Elf:2)
  A frost giant (Shoals:4)
  3 ghost moths (Spider:4)
  Aizul (Shoals:3)
  5 emperor scorpions
  2 deep elf sorcerers (Elf:3)
  3 imperial myrmidons (Desolation)
  Louise (Shoals:3)
  An orc warlord (Bailey)
  A deep elf elementalist (Elf:2)
  2 angels (Elf:2)
  The ghost of Laiders72 the Warrior, a journeyman FoFi of Hepliaklqana (Lair:5)
  3 entropy weavers
  2 deep elf demonologists
  3 halazid warlocks (Desolation)
  6 merfolk javelineers (Shoals:4)
  An ettin (Orc:1)
  7 ragged hierophants (Desolation)
  7 merfolk impalers
  A fire dragon (D:15)
  A crystal guardian (Desolation)
  Harold (D:10)
  Josephine (Spider:1)
  A deep elf high priest (Elf:3)
  5 servants of whispers (Desolation)
  A hell beast (Lair:6)
  4 peacekeepers (Desolation)
  2 hydras
  4 merfolk aquamancers
  A merfolk avatar (Shoals:4)
  2 catoblepae
  An alligator snapping turtle (Shoals:4)
  10 two-headed ogres
  4 centaur warriors
  28 dancing weapons
  A satyr (Shoals:2)
  A tengu warrior (D:15)
  An ogre mage (D:13)
  2 death yaks (Shoals:2)
  7 orc high priests (Orc:2)
  A sun demon (Orc:2)
  19 deep elf knights
  A titan zombie (D:15)
  Sonja (Lair:3)
  A sixfirhy (Orc:2)
  2 skeletal warriors (D:15)
  2 unseen horrors (D:10)
  15 sea snakes
  An infernal demonspawn (Orc:2)
  2 torturous demonspawn (Orc:2)
  2 wizards
  A golden dragon skeleton (D:15)
  A gelid demonspawn (Orc:2)
  11 deep elf archers
  11 orc knights
  Pikel (D:6)
  22 harpies
  An ironbrand convoker (Desolation)
  A lindwurm (Lair:5)
  A phantasmal warrior (D:15)
  26 orb spiders
  A necromancer (D:15)
  A wolf spider zombie (D:11)
  7 orc sorcerers
  21 wolf spiders
  3 cyclopes
  15 ugly things
  3 fauns (Shoals:1)
  48 deep elf magi
  2 moths of wrath
  An elephant (shapeshifter) (D:15)
  11 manticores
  4 centaur zombies
  11 merfolk sirens
  9 elephants (Lair:6)
  3 guardian serpents (Desolation)
  5 black mambas
  2 smoke demons
  7 water nymphs
  The ghost of Scuka the Archer, a novice CeHu (D:5)
  2 molten gargoyles (Desolation)
  The ghost of kirsanium the Shield-Bearer, a novice FoFi of Okawaru (D:4)
  An orange demon (Orc:2)
  2 large abominations (Abyss:3)
  A spriggan zombie (D:15)
  14 spiny frogs
  4 yaktaurs (D:14)
  10 komodo dragons
  6 kobold demonologists
  6 rime drakes
  10 ice devils
  2 efreet
  4 anaconda simulacra (IceCv)
  13 demonic crawlers
  4 freezing wraiths
  A tengu conjurer (D:15)
  2 red devils (Lair:6)
  7 wind drakes
  2 golden dragon simulacra (IceCv)
  29 jumping spiders
  8 trolls
  3 meliai (D:15)
  33 merfolk
  8 hornets
  A wolf spider simulacrum (D:15)
  43 saltlings (Desolation)
  5 blink frogs
  13 snapping turtles
  7 dream sheep (Lair:5)
  A snapping turtle (shapeshifter) (D:13)
  A fire dragon skeleton (D:15)
  9 hippogriffs
  2 vampires
  7 wraiths
  50 yaks
  A shadow (D:15)
  3 air elementals (Elf:1)
  A dire elephant simulacrum (IceCv)
  7 wyverns
  A human (D:7)
  3 hogs (D:7)
  70 redbacks
  34 tarantellas
  3 basilisks
  12 water elementals
  6 fire elementals
  A neqoxec (Abyss:3)
  2 death yak simulacra (IceCv)
  3 hungry ghosts
  2 steam dragons
  2 wargs
  3 iron troll simulacra (IceCv)
  12 vampire mosquitoes
  A harpy simulacrum (IceCv)
  2 acid dragons
  5 hell hounds (Lair:6)
  14 porcupines
  11 water moccasins
  A soldier ant (shapeshifter) (D:15)
  3 hydra simulacra (IceCv)
  49 orc warriors
  4 eyes of draining
  A phantom (D:12)
  3 sky beasts
  A black bear (D:11)
  A hornet zombie (D:15)
  4 slaves (D:6)
  4 ice beasts
  A necrophage (D:6)
  16 centaurs
  A wolf (Lair:6)
  An alligator simulacrum (IceCv)
  An ettin simulacrum (IceCv)
  21 crocodiles
  9 ogres
  7 big kobolds
  23 bullfrogs
  A wyvern zombie (D:12)
  2 earth elementals
  A wyvern skeleton (D:13)
  6 scorpions
  12 killer bees (D:10)
  A swamp dragon simulacrum (IceCv)
  6 wights
  8 electric eels
  A howler monkey (D:9)
  8 crimson imps
  A quasit (D:15)
  4 draconian simulacra (IceCv)
  2 bullfrog zombies
  8 starcursed masses (Abyss:3)
  2 jellies
  26 orc priests
  11 centaur skeletons
  8 hounds
  2 bullfrog skeletons
  18 orc wizards
  2 iron imps (Abyss:3)
  3 iguanas
  14 worker ants
  2 troll simulacra (IceCv)
  A wolf simulacrum (IceCv)
  2 centaur simulacra (IceCv)
  A big kobold zombie (Ossuary)
  A hound skeleton (D:6)
  9 mummies
  2 worker ant zombies
  Robin (D:4)
  10 gnolls
  11 adders
  A naga simulacrum (IceCv)
  5 river rats
  2 ogre simulacra (IceCv)
  4 shadow imps
  8 white imps (IceCv)
  2 ufetubi (IceCv)
  An ooze (D:1)
  An adder zombie (D:6)
  An adder skeleton (D:10)
  6 worms
  10 leopard geckos
  106 orcs
  8 giant cockroaches
  29 goblins
  32 hobgoblins
  3 jackals (D:1)
  7 quokkas
  5 ball pythons
  7 bats
  4 frilled lizards
  2 gnoll zombies (Ossuary)
  2 hobgoblin zombies (Ossuary)
  35 kobolds
  2 kobold zombies (Ossuary)
  An orc zombie (Ossuary)
  27 rats
  A bush (Lair:3)
  3 fungi (Lair:6)
  6 plants
1586 creatures vanquished.

Vanquished Creatures (others)
  A deep elf knight (Elf:1)
  An ironbrand convoker (Desolation)
  A deep elf mage (Elf:2)
  A saltling (Desolation)
  2 redbacks
  An orc wizard (D:15)
  An orc (D:15)
  7 fungi (Lair:6)
  9 plants
  2 starspawn tentacles (Abyss:3)
  2 withered plants (D:15)
28 creatures vanquished.

Grand Total: 1614 creatures vanquished

Notes
Turn   | Place    | Note
-------+----------+-------------------------------------------
     0 | D:1      | Gildeon the Minotaur Fighter began the quest for the Orb.
     0 | D:1      | Reached XP level 1. HP: 19/19 MP: 0/0
   173 | D:1      | Reached XP level 2. HP: 25/27 MP: 1/1
   199 | D:1      | Reached skill level 3 in Axes
   417 | D:1      | Reached skill level 1 in Dodging
   462 | D:1      | Reached XP level 3. HP: 32/33 MP: 2/2
  1089 | D:3      | Found a glowing drain.
  1128 | Sewer    | Entered a sewer
  1282 | Sewer    | Reached XP level 4. HP: 40/40 MP: 3/3
  1465 | Sewer    | Reached skill level 4 in Axes
  1494 | Sewer    | Reached XP level 5. HP: 16/47 MP: 4/4
  2248 | D:3      | Reached XP level 6. HP: 53/53 MP: 5/5
  2343 | D:3      | Reached skill level 5 in Axes
  2368 | D:3      | Found a glowing silver altar of Zin.
  3002 | D:4      | Noticed Robin
  3023 | D:4      | Killed Robin
  3024 | D:4      | Reached skill level 5 in Fighting
  3094 | D:4      | Noticed kirsanium's ghost (novice FoFi)
  3106 | D:4      | Killed kirsanium's ghost
  3106 | D:4      | Reached skill level 6 in Axes
  3106 | D:4      | Reached skill level 5 in Armour
  3106 | D:4      | Reached skill level 5 in Shields
  3106 | D:4      | Reached skill level 1 in Spellcasting
  3106 | D:4      | Reached XP level 7. HP: 61/61 MP: 5/7
  3198 | D:4      | Found a blossoming altar of Fedhas.
  3439 | D:5      | Entered Level 5 of the Dungeon
  3451 | D:5      | Reached skill level 7 in Axes
  3485 | D:5      | Reached XP level 8. HP: 68/68 MP: 8/8
  3616 | D:5      | Noticed Scuka's ghost (novice CeHu)
  3621 | D:5      | Killed Scuka's ghost
  3621 | D:5      | Reached skill level 8 in Axes
  3802 | D:5      | Got a dazzling hand axe
  3986 | D:5      | Found an ancient bone altar of Kikubaaqudgha.
  3986 | D:5      | Found an opulent altar of Gozag.
  4109 | D:6      | Found an ornate altar of the Wu Jian Council.
  4186 | D:6      | Reached skill level 1 in Evocations
  4218 | D:6      | Noticed Pikel
  4233 | D:6      | Reached skill level 5 in Dodging
  4237 | D:6      | Killed Pikel
  4237 | D:6      | Reached skill level 9 in Axes
  4237 | D:6      | Reached XP level 9. HP: 64/74 MP: 9/11
  4268 | D:6      | Found a burning altar of Makhleb.
  4324 | D:6      | Learned a level 1 spell: Confusing Touch
  4411 | D:6      | Found a sand-covered staircase.
  4417 | Ossuary  | Entered an ossuary
  4419 | Ossuary  | Identified the +5 hand axe of Otir {elec, rPois rC+ Str+4 Dex-4} (You found it on level 5 of the Dungeon)
  4664 | D:6      | Gained mutation: Your mind is acute. (Int +2) [potion of mutation]
  4664 | D:6      | Gained mutation: You are robust. (+10% HP) [potion of mutation]
  4733 | D:6      | Found a hazy altar of Hepliaklqana.
  4857 | D:6      | Found a staircase to the Ecumenical Temple.
  4869 | Temple   | Entered the Ecumenical Temple
  4943 | Temple   | Became a worshipper of Warmaster Okawaru
  5343 | D:7      | Reached skill level 10 in Axes
  5343 | D:7      | Reached skill level 1 in Invocations
  5384 | D:7      | Reached skill level 1 in Hexes
  5385 | D:7      | Reached * piety under Okawaru
  5540 | D:8      | Found a staircase to the Lair.
  5742 | D:8      | Noticed a two-headed ogre
  5750 | D:8      | Killed a two-headed ogre
  5750 | D:8      | Reached ** piety under Okawaru
  5750 | D:8      | Reached skill level 11 in Axes
  5750 | D:8      | Reached XP level 10. HP: 89/89 MP: 12/12
  5928 | D:8      | Reached *** piety under Okawaru
  6513 | Lair:1   | Entered Level 1 of the Lair of Beasts
  6652 | Lair:1   | Noticed a black mamba
  6657 | Lair:1   | Killed a black mamba
  6948 | Lair:1   | Reached **** piety under Okawaru
  6948 | Lair:1   | Reached skill level 12 in Axes
  7121 | Lair:1   | Noticed a spiny frog
  7220 | Lair:1   | Noticed a spiny frog
  7227 | Lair:1   | Killed a spiny frog
  7227 | Lair:1   | Reached skill level 13 in Axes
  7227 | Lair:1   | Reached skill level 10 in Shields
  7767 | Lair:1   | Killed a spiny frog
  7767 | Lair:1   | Reached ***** piety under Okawaru
  7767 | Lair:1   | Reached XP level 11. HP: 26/94 MP: 13/13
  8144 | Lair:2   | Received a gift from Okawaru
  8145 | Lair:2   | Got a pair of crude boots {god gift}
  8175 | Lair:2   | Identified the +0 pair of boots of the Lost Path {MR- Str+2 Dex+3} (Okawaru gifted it to you on level 2 of the Lair of Beasts)
  8580 | Lair:2   | Noticed an eight-headed hydra
  9210 | Lair:2   | Killed an eight-headed hydra
  9210 | Lair:2   | Reached skill level 14 in Axes
  9463 | Lair:3   | Noticed Sonja
  9466 | Lair:3   | Killed Sonja
 10211 | Lair:3   | Found a staircase to the Shoals.
 10512 | Lair:4   | Found a hole to the Spider Nest.
 10689 | Lair:4   | Found a glowing golden altar of the Shining One.
 10844 | Lair:4   | Reached skill level 15 in Axes
 11160 | Lair:5   | Noticed a lindwurm
 11162 | Lair:5   | Reached XP level 12. HP: 106/106 MP: 14/14
 11175 | Lair:5   | Noticed Laiders72's ghost (journeyman FoFi)
 11188 | Lair:5   | Killed Laiders72's ghost
 11225 | Lair:5   | Received a gift from Okawaru
 11331 | Lair:5   | Found a viscous altar of Jiyva.
 11332 | Lair:5   | Found a staircase to the Slime Pits.
 11713 | Lair:5   | Reached skill level 16 in Axes
 11954 | Lair:6   | Entered Level 6 of the Lair of Beasts
 12194 | Lair:6   | Found a basalt altar of Yredelemnul.
 12339 | Lair:6   | Noticed a seven-headed hydra
 12357 | Lair:6   | Killed a seven-headed hydra
 12510 | Lair:6   | Reached XP level 13. HP: 117/117 MP: 15/15
 12512 | Lair:6   | Reached ****** piety under Okawaru
 12530 | Lair:6   | Received a gift from Okawaru
 12531 | Lair:6   | Found the +2 hat of the Bear Spirit {Spirit, +Rage rN+ MR++}
 12681 | Lair:6   | Reached skill level 5 in Invocations
 13492 | Lair:6   | Found a burning altar of Makhleb.
 13538 | Lair:6   | Found a gateway to Hell.
 14246 | D:9      | Found a flagged portal.
 14262 | Bailey   | Entered a bailey
 14532 | Bailey   | Noticed an orc warlord
 14567 | Bailey   | Killed an orc warlord
 14567 | Bailey   | Received a gift from Okawaru
 14685 | Bailey   | Identified 2 scrolls of acquirement
 15011 | D:10     | Entered Level 10 of the Dungeon
 15052 | D:10     | Noticed Harold
 15066 | D:10     | Killed Harold
 15170 | D:10     | Found a shimmering altar of Xom.
 15173 | D:10     | Got a wavering granite ring
 15182 | D:10     | Identified the ring of the Bruised Moons {*Drain rPois rC+ AC+4 Dex+3} (You found it on level 10 of the Dungeon)
 15411 | D:10     | Reached XP level 14. HP: 130/130 MP: 17/17
 15955 | D:11     | Received a gift from Okawaru
 16115 | D:11     | Reached skill level 10 in Armour
 16130 | D:11     | Reached skill level 10 in Fighting
 16290 | D:11     | Lost mutation: Your mind is acute. (Int +2) [potion of mutation]
 16290 | D:11     | Lost mutation: You are robust. (+10% HP) [potion of mutation]
 16290 | D:11     | Gained mutation: You are clumsy. (Dex -2) [potion of mutation]
 16290 | D:11     | Gained mutation: You have sharp toenails. [potion of mutation]
 16460 | D:11     | Reached skill level 5 in Evocations
 17049 | D:12     | Found a staircase to the Orcish Mines.
 17278 | D:12     | Got an ancient tin ring
 17292 | D:12     | Identified the ring of Molliyne {Wiz Dex+7} (You found it on level 12 of the Dungeon)
 17534 | Orc:1    | Entered Level 1 of the Orcish Mines
 17621 | Orc:2    | Entered Level 2 of the Orcish Mines
 17621 | Orc:2    | Found Gusukh's Weapon Shop.
 17621 | Orc:2    | Noticed Rupert
 17650 | Orc:1    | Killed Rupert
 17650 | Orc:1    | Received a gift from Okawaru
 17685 | Orc:2    | Bought the +6 trident of Fomi {venom, Dex+2} for 499 gold pieces
 18123 | Orc:1    | Reached skill level 15 in Shields
 18400 | Orc:2    | Reached skill level 17 in Axes
 18469 | Orc:2    | Found a staircase to the Elven Halls.
 18559 | Orc:2    | Found Baecregu's General Store.
 18560 | Orc:2    | Found Nukyvec's Food Shop.
 18585 | Orc:2    | Received a gift from Okawaru
 18913 | Orc:2    | Paralysed by an orc sorcerer for 4 turns
 19070 | Orc:2    | Reached XP level 15. HP: 48/126 MP: 8/20
 19714 | Orc:2    | Found Qilidghe's Antique Weapon Emporium.
 19714 | Orc:2    | Found a one-way gate leading to the halls of Pandemonium.
 19714 | Orc:2    | Found Xoluhao's Gadget Shoppe.
 19914 | Orc:1    | Received a gift from Okawaru
 20322 | D:13     | Reached skill level 10 in Dodging
 20332 | D:13     | Reached skill level 18 in Axes
 20371 | D:13     | Found a gate to the Vaults.
 20394 | D:13     | Reached skill level 5 in Spellcasting
 20427 | D:13     | Reached skill level 5 in Hexes
 20544 | D:13     | Lost mutation: You have sharp toenails. [potion of mutation]
 20544 | D:13     | Lost mutation: You are clumsy. (Dex -2) [potion of mutation]
 20544 | D:13     | Gained mutation: Your body sometimes deteriorates upon taking damage. [potion of mutation]
 20544 | D:13     | Gained mutation: Your movements are slightly less encumbered by armour. (ER -2) [potion of mutation]
 20544 | D:13     | Gained mutation: Your spells are a little harder to cast, but a little more powerful. [potion of mutation]
 21502 | D:15     | Entered Level 15 of the Dungeon
 21529 | D:15     | Received a gift from Okawaru
 21817 | D:15     | Found a staircase to the Depths.
 22290 | D:15     | Reached XP level 16. HP: 137/137 MP: 22/22
 22423 | D:15     | Received a gift from Okawaru
 22976 | Shoals:1 | Entered Level 1 of the Shoals
 23154 | Shoals:1 | Received a gift from Okawaru
 23171 | Shoals:1 | Got a pair of heavily runed gloves {god gift}
 23182 | Shoals:1 | Identified the +1 pair of gloves "Duisibb" {rElec rF+ rN+ MR+ Str-5} (Okawaru gifted it to you on level 1 of the Shoals)
 24559 | Shoals:2 | Noticed Polyphemus
 24600 | Shoals:2 | Killed Polyphemus
 25155 | Shoals:2 | Found a runed door.
 25309 | Shoals:2 | Received a gift from Okawaru
 25394 | Shoals:2 | Got a pair of faintly humming gloves
 25405 | Shoals:2 | Identified the +0 pair of gloves of the Moon Troll {rPois rF+ rC+ MR+} (You found it on level 2 of the Shoals)
 25435 | Shoals:3 | Noticed Louise
 25454 | Shoals:3 | Killed Louise
 25458 | Shoals:3 | Got a bloodstained large shield
 25472 | Shoals:3 | Identified the +7 large shield of Irchuel {rPois} (You took it off Louise on level 3 of the Shoals)
 25562 | Shoals:3 | Noticed Aizul
 25583 | Shoals:3 | Killed Aizul
 26127 | Shoals:4 | Entered Level 4 of the Shoals
 26334 | Shoals:4 | Reached XP level 17. HP: 58/148 MP: 4/23
 26673 | Shoals:4 | Noticed Ilsuiw
 26679 | Shoals:4 | Received a gift from Okawaru
 26812 | Shoals:4 | Killed Ilsuiw
 27264 | Shoals:4 | Got a barnacled rune of Zot
 27703 | Shoals:4 | Received a gift from Okawaru
 27998 | Spider:1 | Entered Level 1 of the Spider Nest
 28467 | Spider:1 | Reached skill level 19 in Axes
 28472 | Spider:1 | Noticed Josephine
 28479 | Spider:1 | Killed Josephine
 28543 | Spider:1 | Received a gift from Okawaru
 28737 | Spider:2 | Noticed Jorgrun
 28786 | Spider:2 | Killed Jorgrun
 29763 | Spider:3 | Reached XP level 18. HP: 155/158 MP: 24/24
 29987 | Spider:3 | Lost mutation: Your spells are a little harder to cast, but a little more powerful. [potion of mutation]
 29987 | Spider:3 | Lost mutation: Your body sometimes deteriorates upon taking damage. [potion of mutation]
 29987 | Spider:3 | Lost mutation: Your movements are slightly less encumbered by armour. (ER -2) [potion of mutation]
 29987 | Spider:3 | Gained mutation: You have a pair of large horns on your head. [potion of mutation]
 29987 | Spider:3 | Gained mutation: You are clumsy. (Dex -2) [potion of mutation]
 29987 | Spider:3 | Gained mutation: Your muscles are strong. (Str +2) [potion of mutation]
 30355 | Spider:4 | Entered Level 4 of the Spider Nest
 30773 | Spider:4 | Received a gift from Okawaru
 31528 | Spider:4 | Reached skill level 10 in Invocations
 31693 | Spider:4 | Got a gossamer rune of Zot
 32076 | Elf:1    | Entered Level 1 of the Elven Halls
 32403 | Elf:1    | Reached skill level 20 in Axes
 32526 | Elf:1    | Got a pair of transparent gloves
 32537 | Elf:1    | Identified the +1 pair of gloves "Luixea" {*Slow Regen+ Int+7} (You found it on level 1 of the Elven Halls)
 32598 | Elf:1    | Lost mutation: You have a pair of large horns on your head. [potion of mutation]
 32598 | Elf:1    | Lost mutation: Your muscles are strong. (Str +2) [potion of mutation]
 32598 | Elf:1    | Gained mutation: You are frail. (-10% HP) [potion of mutation]
 32598 | Elf:1    | Lost mutation: You are frail. (-10% HP) [potion of mutation]
 32598 | Elf:1    | Lost mutation: You are clumsy. (Dex -2) [potion of mutation]
 32637 | Elf:1    | Received a gift from Okawaru
 33246 | Elf:1    | Upgraded the game from 0.22-a0-480-g991dd4b to 0.22-a0-482-g76e0a5f
 33492 | Elf:2    | Found a glowing golden altar of the Shining One.
 33492 | Elf:2    | Found a white marble altar of Elyvilon.
 33492 | Elf:2    | Found a ruined gateway.
 33564 | Elf:2    | Found a glowing silver altar of Zin.
 33581 | Elf:2    | Noticed ThereIsNoGod's ghost (adept DrTm)
 33583 | Desolati | Entered the Desolation of Salt
 33661 | Desolati | Got a warped turquoise ring
 33672 | Desolati | Got a pair of distressingly furry gloves
 33681 | Desolati | Identified the +1 pair of gloves "Soqama" {+Blink Regen+} (You found it in the Desolation of Salt)
 33682 | Desolati | Identified the ring of Enalourr {rC+ Str+3 Int+5 Dex+2 Stlth-} (You found it in the Desolation of Salt)
 34056 | Desolati | Reached skill level 10 in Evocations
 34061 | Desolati | Reached XP level 19. HP: 130/167 MP: 19/25
 34576 | Desolati | Got a vibrating lead ring
 34579 | Desolati | Got a scintillating golden ring
 34580 | Desolati | Identified Morusyuh's Catalogue of Feathery Bewitchment
 34591 | Desolati | Identified the ring "Cav Til" {*Slow rC- Int+4 Dex+9 Stlth+} (You found it in the Desolation of Salt)
 34593 | Desolati | Identified the ring of Immorality {Fire rN+ Str-4 Dex+3} (You found it in the Desolation of Salt)
 35133 | Desolati | Got a smoking graven amulet
 35153 | Desolati | Identified Seammaep's Guide on the Mutagenic Blaze
 35230 | Elf:2    | Found a huge runed gate.
 35230 | Elf:2    | Found a huge runed gate.
 35238 | Elf:2    | Found a huge runed gate.
 35467 | Elf:2    | Killed ThereIsNoGod's ghost
 35469 | Elf:2    | Received a gift from Okawaru
 35480 | Elf:2    | Found a huge runed gate.
 35483 | Elf:2    | Found a huge runed gate.
 35624 | Elf:2    | Reached skill level 21 in Axes
 35810 | Elf:2    | Identified the amulet of Ginnaogytt {RegenMP *Slow rElec rC+ Slay+2} (You found it in the Desolation of Salt)
 35851 | Elf:2    | Found Huannuih's Jewellery Shop.
 36210 | Elf:2    | Received a gift from Okawaru
 36291 | Elf:2    | Reached skill level 15 in Fighting
 36306 | Elf:2    | Got a spiked crystal plate armour {god gift}
 36317 | Elf:2    | Identified the +0 crystal plate armour of Okawaru's Castigation {Str+4 Int+4} (Okawaru gifted it to you on level 2 of the Elven Halls)
 36459 | Elf:3    | Entered Level 3 of the Elven Halls
 36497 | Elf:3    | Noticed a Tzitzimitl
 36712 | Elf:3    | Found Fucugh Hyinn's General Store.
 36811 | Elf:3    | Found a frozen archway.
 36844 | IceCv    | Entered an ice cave
 37467 | Elf:3    | Bought a scroll of identify for 22 gold pieces
 37467 | Elf:3    | Bought a ration for 55 gold pieces
 37467 | Elf:3    | Bought a ration for 55 gold pieces
 37529 | Elf:3    | Reached XP level 20. HP: 139/178 MP: 21/27
 37632 | Elf:3    | Cast into level 3 of the Abyss (a deep elf sorcerer)
 37731 | Abyss:3  | Gained mutation: You are clumsy. (Dex -2) [a neqoxec]
 37778 | Abyss:3  | Paralysed by accursed screaming for 1 turns
 37800 | Abyss:3  | Noticed an ancient lich
 37814 | Abyss:3  | HP: 8/178 [disintegration (29)]
 37819 | Abyss:3  | Killed an ancient lich
 37819 | Abyss:3  | Reached skill level 15 in Armour
 37865 | Abyss:3  | Paralysed by accursed screaming for 1 turns
 37867 | Abyss:3  | HP: 3/178 [starcursed mass/accursed screaming (7)]
 37868 | Abyss:3  | Killed from afar by a starcursed mass

Vault maps used:
D:1:      lightli_arrival_boilingwater
D:3:      wad_woods_tower, lemuel_doored_altar, portal_sewer_entry_f
D:4:      minmay_misc_feat_x, fedhas_altar_1, uniq_robin
D:5:      gammafunk_temple_overflow_pools, first_ration
D:6:      grunt_temple_overflow_open, minmay_temple_entry_nine_rooms,
          gup_ossuary_entry_pyramid, makhleb_blood_cavern_becter, uniq_pikel
D:7:      grunt_livestock
D:8:      lair_entry_dummy
D:9:      enter_bailey_2
D:10:     minmay_wavy_crystal, minmay_ruined_shrine, uniq_harold
D:12:     orc_0_dummy
D:13:     david_vaults_2, nicolae_twisting_strands, grunt_ministairs_12
D:14:     hangedman_decor_cross_pass
D:15:     gammafunk_depths_entry_grave, minmay_orc_keep
Temple:   nicolae_temple_elliptical
Lair:1:   pond, lemuel_fruit_fields, grunt_megastairs_2
Lair:2:   cheibrodos_lair_river_kwai, serial_bayou_ford_a
Lair:3:   elwin_shoals_entry_rocks, serial_bayou_shore_a, uniq_sonja
Lair:4:   nicolae_spider_entry_non_spiders, basic_altar
Lair:5:   slime_altar_1
Lair:6:   evil_forest, basic_altar
Shoals:1: cheibrodos_shoals_baths
Shoals:2: lightli_airlock, uniq_polyphemus
Shoals:3: uniq_aizul, uniq_louise
Shoals:4: shoals_end_grunt_ice, shoals_ilsuiw_ice
Spider:1: uniq_josephine
Spider:2: uniq_jorgrun
Spider:3: guppyfry_hornet_nest
Spider:4: grunt_spider_rune_parallel
Orc:2:    pf_orc_diabolical, serial_shops, shop, uniq_rupert
Elf:1:    hangedman_elven_crosses_minicolossus, minmay_strange_pillars
Elf:2:    serial_shops, shop, portal_desolation_entry_holy_temple,
          amethyst_killhole
Elf:3:    minmay_elf_hall_four_x, serial_shops, shop_fountains,
          portal_ice_cave_entry_pillars_2, nicolae_elf_w_pinch,
          kennysheep_underground_church
Abyss:3:  guppyfry_abyss_exit_glass_guarded, evilmike_abyss_rune_siren_acolytes
Sewer:    sewer_minmay_treatment
Ossuary:  ossuary_tomb_3
Bailey:   bailey_axe_minmay_hex_keep, bailey
IceCv:    ice_cave_caverns_03

Skill      XL: |  1  2  3  4  5  6  7  8  9 10 11 12 13 14 15 16 17 18 19 20 |
---------------+-------------------------------------------------------------+-----
Axes           | 3 4 6 7 9 11 13 15 16 17 18 19 20 21 | 21.7
Dodging        | 1 2 3 5 6 8 9 10 11 12 13 14 | 14.5
Fighting       | 4 5 6 7 9 10 11 12 13 14 15 | 15.0
Armour         | 4 5 6 7 9 10 12 13 14 15 | 15.0
Shields        | 4 5 7 8 10 11 13 14 15 16 17 | 17.4
Spellcasting   | 1 2 4 5 6 |  6.0
Evocations     | 2 3 4 5 6 8 9 10 | 10.0
Invocations    | 3 4 5 6 8 9 10 | 10.0
Hexes          | 2 4 5 |  5.0

Action                   |  1- 3 |  4- 6 |  7- 9 | 10-12 | 13-15 | 16-18 | 19-21 || total
-------------------------+-------+-------+-------+-------+-------+-------+-------++-------
Melee: War axe           |   109 |   192 |   218 |   537 |   307 |       |     1 ||  1364
       Headbutt          |    13 |    31 |    42 |   154 |   390 |   425 |   189 ||  1244
       Broad axe         |       |       |       |       |  1089 |  1540 |   584 ||  3213
 Cast: Confusing Touch   |       |       |       |       |     1 |       |       ||     1
 Abil: Evoke Flight      |       |       |       |       |       |     7 |       ||     7
Evoke: Wand              |       |       |       |    16 |    26 |    57 |       ||    99
  Use: Scroll            |     8 |     6 |    11 |    14 |    24 |    22 |     5 ||    90
       Potion            |       |     3 |     7 |     7 |    12 |    10 |    10 ||    49
 Stab: Petrified         |       |       |       |       |       |     8 |       ||     8
  Eat: Chunk             |     1 |     7 |     4 |    12 |    21 |    20 |     7 ||    72
       Ration            |       |       |     2 |     2 |     4 |     6 |     2 ||    16
Armor: Scale mail        |    15 |       |       |       |       |       |       ||    15
       Plate armour      |    66 |   147 |    87 |   103 |   309 |   543 |   132 ||  1387
       Skin              |       |       |       |       |       |    19 |     3 ||    22
       Crystal plate arm |       |       |       |       |       |       |    64 ||    64
Dodge: Dodged            |    27 |    34 |    68 |   208 |   491 |   468 |   156 ||  1452
Block: Shield            |    68 |   112 |    99 |   225 |   803 |   349 |   352 ||  2008
       Large shield      |       |       |       |       |       |  1448 |       ||  1448

Table legend:
 A = Spawn XP
 B = Non-spawn XP
 C = Spawn XP percentage of total XP
 D = Spawn monster count
 E = Non-spawn monster count
 F = Spawn count percentage of total count
 G = Total turns spent on level
                    A         B        C        D         E        F      G
               +---------+---------+-------+---------+---------+-------+---------
         Total |   12158 |  480341 |   2.5 |       7 |    1571 |   0.4 | 37868
               +---------+---------+-------+---------+---------+-------+---------
           D:1 |       0 |      48 |   0.0 |       0 |      24 |   0.0 |   643
           D:2 |       0 |      24 |   0.0 |       0 |       7 |   0.0 |   341
           D:3 |       0 |     227 |   0.0 |       0 |      45 |   0.0 |  1157
           D:4 |       0 |     754 |   0.0 |       0 |      24 |   0.0 |   437
           D:5 |       0 |     658 |   0.0 |       0 |      12 |   0.0 |   652
           D:6 |       0 |    1343 |   0.0 |       0 |      26 |   0.0 |   598
           D:7 |       0 |    1564 |   0.0 |       0 |      21 |   0.0 |   457
           D:8 |       0 |    1472 |   0.0 |       0 |      13 |   0.0 |  1047
           D:9 |       0 |    3596 |   0.0 |       0 |      26 |   0.0 |   712
          D:10 |       0 |    7649 |   0.0 |       0 |      45 |   0.0 |   923
          D:11 |       0 |    7978 |   0.0 |       0 |      49 |   0.0 |   849
          D:12 |       0 |    6607 |   0.0 |       0 |      36 |   0.0 |   872
          D:13 |       0 |    9243 |   0.0 |       0 |      44 |   0.0 |   600
          D:14 |       0 |    8739 |   0.0 |       0 |      37 |   0.0 |   842
          D:15 |       0 |   26269 |   0.0 |       0 |      71 |   0.0 |  1202
        Lair:1 |       0 |    4659 |   0.0 |       0 |      26 |   0.0 |  1716
        Lair:2 |       0 |    4313 |   0.0 |       0 |      17 |   0.0 |  1237
        Lair:3 |       0 |    3114 |   0.0 |       0 |      18 |   0.0 |  1258
        Lair:4 |       0 |    2136 |   0.0 |       0 |      19 |   0.0 |   671
        Lair:5 |       0 |   10418 |   0.0 |       0 |      33 |   0.0 |   990
        Lair:6 |       0 |   20553 |   0.0 |       0 |      65 |   0.0 |  1580
      Shoals:1 |       0 |   14842 |   0.0 |       0 |      34 |   0.0 |  1244
      Shoals:2 |       0 |   19028 |   0.0 |       0 |      32 |   0.0 |  1288
      Shoals:3 |       0 |   12876 |   0.0 |       0 |      22 |   0.0 |   741
      Shoals:4 |       0 |   43541 |   0.0 |       0 |      75 |   0.0 |  1731
      Spider:1 |       0 |   21736 |   0.0 |       0 |      61 |   0.0 |  1107
      Spider:2 |       0 |   19773 |   0.0 |       0 |      43 |   0.0 |   638
      Spider:3 |       0 |   15960 |   0.0 |       0 |      48 |   0.0 |  1259
      Spider:4 |       0 |   29830 |   0.0 |       0 |      69 |   0.0 |   852
         Orc:1 |       0 |    7435 |   0.0 |       0 |      37 |   0.0 |   587
         Orc:2 |       0 |   22812 |   0.0 |       0 |      96 |   0.0 |  2083
         Elf:1 |       0 |   27338 |   0.0 |       0 |      42 |   0.0 |  1414
         Elf:2 |       0 |   47705 |   0.0 |       0 |      62 |   0.0 |  1364
         Elf:3 |       0 |   18472 |   0.0 |       0 |      26 |   0.0 |   562
       Abyss:3 |   12158 |    1532 |  88.8 |       7 |      10 |  41.2 |   236
         Sewer |       0 |     224 |   0.0 |       0 |      48 |   0.0 |   861
       Ossuary |       0 |     176 |   0.0 |       0 |      16 |   0.0 |   242
        Bailey |       0 |    4291 |   0.0 |       0 |      68 |   0.0 |   509
         IceCv |       0 |   10599 |   0.0 |       0 |      51 |   0.0 |   611
    Desolation |       0 |   40807 |   0.0 |       0 |      73 |   0.0 |  1605
               +---------+---------+-------+---------+---------+-------+---------
